2985 views
Uploaded 2020-02-23 05:45:43
Game version 1.32 / 1.32.1
20:39 long 1on1 ladder game on (4)TurtleRock
Saved by Imnotdaniboy
2985 views
Uploaded 2020-02-23 05:45:43
Game version 1.32 / 1.32.1
20:39 long 1on1 ladder game on (4)TurtleRock

37 units @ 5.9k
/ 0.2k
17 buildings @ 2.9k
/ 1.1k



| Healing Salve | 1 | 100 |
| total: | 1 | 100g |
| Peon | 7 | 525 | / | 0 |
| Grunt | 21 | 4200 | / | 0 |
| Shaman | 9 | 1170 | / | 180 |
| total: | 37 | 5895g | / | 180w |
| Watch Tower | 2 | 220 | / | 160 |
| Altar of Storms | 1 | 180 | / | 50 |
| Orc Burrow | 6 | 960 | / | 240 |
| Barracks | 2 | 360 | / | 100 |
| War Mill | 1 | 205 | / | 0 |
| Voodoo Lounge | 2 | 260 | / | 60 |
| Great Hall | 1 | 385 | / | 185 |
| Spirit Lodge | 2 | 300 | / | 300 |
| Stronghold | 1 | 315 | / | 190 |
| Fortress | 1 | 325 | / | 190 |
| total: | 17 | 2870g | / | 1095w |
| 0:05 | Altar of Storms |
| 0:06 | Peon |
| 0:09 | Orc Burrow |
| 0:13 | Peon |
| 0:23 | Peon |
| 0:47 | Peon |
| 0:52 | Barracks |
| 1:03 | Peon |
| 1:11 | Peon |
| 1:29 | Orc Burrow |
| 1:40 | War Mill |
| 1:58 | Grunt |
| 1:59 | Grunt |
| 2:08 | Feral Spirit |
| 2:22 | Grunt |
| 2:42 | Grunt |
| 3:13 | Grunt |
| 3:34 | Watch Tower |
| 3:43 | Voodoo Lounge |
| 4:10 | Grunt |
| 4:16 | Stronghold |
| 4:54 | Orc Burrow |
| 5:01 | Orc Burrow |
| 5:14 | Voodoo Lounge |
| 5:46 | Chain Lighting |
| 6:02 | Grunt |
| 6:16 | Steel Armor |
| 6:31 | Watch Tower |
| 6:50 | Summon Lava Spawn |
| 6:53 | Grunt |
| 6:55 | Spirit Lodge |
| 7:25 | Peon |
| 7:27 | Grunt |
| 7:41 | Spirit Lodge |
| 8:32 | Feral Spirit |
| 8:50 | Grunt |
| 8:53 | Healing Salve |
| 9:00 | Shaman Adept Training |
| 9:09 | Barracks |
| 9:11 | Fortress |
| 9:25 | Grunt |
| 10:05 | Grunt |
| 10:06 | Shaman |
| 10:20 | Steel Melee Weapons |
| 10:30 | Berserker Strength |
| 10:39 | Shaman |
| 10:40 | Grunt |
| 10:51 | Incinerate |
| 11:21 | Grunt |
| 11:24 | Shaman |
| 11:42 | Shaman Master Training |
| 12:20 | Grunt |
| 12:32 | Summon Lava Spawn |
| 12:47 | Chain Lighting |
| 12:57 | Grunt |
| 13:23 | Shaman |
| 13:43 | Grunt |
| 14:00 | Shaman |
| 14:42 | Shaman |
| 15:23 | Shaman |
| 15:47 | Grunt |
| 16:05 | Healing Wave |
| 17:00 | Grunt |
| 17:21 | Grunt |
| 17:22 | Shaman |
| 17:52 | Thorium Armor |
| 17:53 | Grunt |
| 17:54 | Shaman |
| 18:35 | Great Hall |
| 19:12 | Thorium Melee Weapons |
| 19:16 | Orc Burrow |
| 19:21 | Orc Burrow |
| Right click | 634 |
| Select | 472 |
| Select group | 186 |
| Build/train/purchase | 95 |
| Assign group | 46 |
| Misc. action | 36 |
| Use ability | 16 |
| Chat | 6 |
| Esc | 4 |
| Item give/drop | 1 |
48 units @ 7.7k
/ 1.1k
14 buildings @ 2.2k
/ 1k



| Healing Salve | 3 | 300 |
| Lesser Clarity Potion | 4 | 280 |
| Scroll of Speed | 3 | 150 |
| Scroll of Healing | 3 | 750 |
| Potion of Lesser Invulnerability | 1 | 150 |
| total: | 14 | 1630g |
| Peon | 8 | 600 | / | 0 |
| Grunt | 5 | 1000 | / | 0 |
| Troll Headhunter | 7 | 980 | / | 140 |
| Raider | 9 | 1620 | / | 360 |
| Kodo Beast | 4 | 1020 | / | 240 |
| Troll Berserker | 8 | 1120 | / | 160 |
| Spirit Walker | 7 | 1365 | / | 245 |
| total: | 48 | 7705g | / | 1145w |
| Altar of Storms | 1 | 180 | / | 50 |
| Orc Burrow | 6 | 960 | / | 240 |
| Voodoo Lounge | 1 | 130 | / | 30 |
| Barracks | 1 | 180 | / | 50 |
| War Mill | 1 | 205 | / | 0 |
| Beastiary | 1 | 145 | / | 140 |
| Tauren Totem | 2 | 270 | / | 310 |
| Spirit Lodge | 1 | 150 | / | 150 |
| Stronghold | 3 | 945 | / | 570 |
| Fortress | 2 | 650 | / | 380 |
| total: | 14 | 2220g | / | 970w |
| 0:01 | Peon |
| 0:05 | Altar of Storms |
| 0:12 | Peon |
| 0:16 | Orc Burrow |
| 0:17 | Peon |
| 0:36 | Peon |
| 1:00 | Peon |
| 1:04 | Voodoo Lounge |
| 1:08 | Peon |
| 1:16 | Peon |
| 1:25 | Peon |
| 2:05 | Stronghold |
| 2:06 | Feral Spirit |
| 2:06 | Healing Salve |
| 2:06 | Lesser Clarity Potion |
| 2:07 | Scroll of Speed |
| 2:24 | Barracks |
| 2:36 | Orc Burrow |
| 3:27 | Grunt |
| 3:27 | Grunt |
| 3:35 | Grunt |
| 3:38 | Orc Burrow |
| 4:07 | Grunt |
| 4:07 | War Mill |
| 4:31 | Beastiary |
| 5:29 | Tauren Totem |
| 5:31 | Troll Headhunter |
| 5:39 | Troll Headhunter |
| 6:01 | War Stomp |
| 6:04 | Troll Headhunter |
| 6:07 | Steel Ranged Weapons |
| 6:11 | Chain Lighting |
| 6:18 | Troll Headhunter |
| 6:22 | Raider |
| 6:22 | Raider |
| 6:47 | Troll Headhunter |
| 6:49 | Ensnare |
| 6:59 | Orc Burrow |
| 7:02 | Pillage |
| 7:23 | Troll Headhunter |
| 7:45 | Fortress |
| 7:54 | Endurance Aura |
| 8:07 | Chain Lighting |
| 8:55 | Troll Headhunter |
| 8:57 | Raider |
| 8:57 | Kodo Beast |
| 9:09 | Troll Regeneration |
| 9:28 | Raider |
| 9:38 | Tauren Totem |
| 9:55 | Healing Salve |
| 9:55 | Lesser Clarity Potion |
| 9:56 | Scroll of Speed |
| 10:02 | Feral Spirit |
| 10:08 | Berserker Upgrade |
| 10:13 | War Drums Damage Increase |
| 10:34 | Kodo Beast |
| 10:38 | Raider |
| 10:39 | War Stomp |
| 10:51 | Troll Berserker |
| 10:52 | Thorium Ranged Weapons |
| 10:57 | Spirit Walker Adept Training |
| 11:02 | Spirit Walker Master Training |
| 11:03 | Spirit Walker |
| 11:36 | Scroll of Healing |
| 11:37 | Potion of Lesser Invulnerability |
| 12:36 | Chain Lighting |
| 12:44 | Troll Berserker |
| 12:44 | Troll Berserker |
| 12:45 | Raider |
| 12:45 | Raider |
| 13:28 | Endurance Aura |
| 13:43 | Raider |
| 13:47 | Lesser Clarity Potion |
| 13:48 | Healing Salve |
| 14:07 | Spirit Walker |
| 14:31 | Orc Burrow |
| 15:20 | Troll Berserker |
| 15:24 | Lesser Clarity Potion |
| 15:27 | Scroll of Speed |
| 16:08 | War Stomp |
| 16:15 | Healing Wave |
| 16:25 | Arcanite Ranged Weapons |
| 16:46 | Kodo Beast |
| 17:17 | Hex |
| 17:36 | Orc Burrow |
| 17:37 | Steel Armor |
| 17:48 | Spirit Lodge |
| 17:50 | Spirit Walker |
| 17:50 | Spirit Walker |
| 17:50 | Spirit Walker |
| 17:51 | Troll Berserker |
| 17:51 | Troll Berserker |
| 18:22 | Healing Wave |
| 18:27 | Scroll of Healing |
| 18:32 | Scroll of Healing |
| 18:48 | Raider |
| 18:49 | Spirit Walker |
| 18:49 | Grunt |
| 18:50 | Troll Berserker |
| 19:09 | Kodo Beast |
| 19:10 | Troll Berserker |
| 19:12 | Spirit Walker |
| 20:00 | Earth Quake |
| 20:10 | Hex |
| Right click | 1523 |
| Select | 704 |
| Select group | 385 |
| Build/train/purchase | 181 |
| Misc. action | 174 |
| Assign group | 112 |
| Use ability | 54 |
| Esc | 17 |
| Chat | 7 |
| Item give/drop | 5 |
โ